 Dungeon Crawl Stone Soup version 0.25.1-2-g60ff931df9 (webtiles) character file.

Game seed: 853376013814785525

13685 HawFromDerth the Spear-Bearer (level 11, -4/105 HPs)
             Began as a Minotaur Berserker on Sept 21, 2020.
             Was a High Priest of Trog.
             Slain by a nine-headed hydra (9 damage)
             ... on level 2 of the Lair of Beasts.
             The game lasted 00:31:08 (13247 turns).

HawFromDerth the Spear-Bearer (Minotaur Berserker) Turns: 13247, Time: 00:31:08

Health: -4/105     AC: 14    Str: 27    XL:     11   Next: 78%
Magic:  3/3        EV: 14    Int:  6    God:    Trog [*****.]
Gold:   632        SH:  5    Dex: 10    Spells: 10/10 levels left

rFire    . . .     SeeInvis .   t - +0 glaive (antimagic)
rCold    + . .     Gourm    .   (shield currently unavailable)
rNeg     . . .     Faith    .   l - +3 ring mail {rF+}
rPois    .         Spirit   .   (helmet restricted)
rElec    .         Reflect  +   A - +2 cloak
rCorr    .         Harm     .   (no gloves)
MR       .....                  (no boots)
Stlth    ++........             g - amulet of reflection
HPRegen  0.27/turn              p - ring of ice
MPRegen  0.08/turn              (no ring)

@: no status effects
A: retaliatory headbutt, horns 2, talons 1, rugged brown scales 1, clever 1,
strong 1
a: Berserk, Trog's Hand, Brothers in Arms, Renounce Religion


You were on level 2 of the Lair of Beasts.
You worshipped Trog.
Trog was extremely pleased with you.
You were not hungry.

You visited 2 branches of the dungeon, and saw 12 of its levels.

You collected 632 gold pieces.

Inventory:

Hand Weapons
 a - a +2 trident of venom
 t - a +0 antimagic glaive (weapon)
 y - a +2 flail of protection
Armour
 l - a +3 ring mail of fire resistance (worn)
 A - a +2 cloak (worn)
Jewellery
 g - an amulet of reflection (around neck)
 p - a ring of ice (left hand)
Wands
 i - a wand of enslavement (9)
 u - a wand of random effects (25)
 x - a wand of digging (11)
 B - a wand of flame (26)
 D - a wand of paralysis (5)
Scrolls
 b - 6 scrolls of remove curse
 e - 3 scrolls of teleportation
 j - 7 scrolls of identify
 k - 2 scrolls of magic mapping
 n - a scroll of fear
 q - 2 scrolls of immolation
 w - a scroll of torment {unknown}
 C - 3 scrolls of enchant armour
 F - a scroll of amnesia
Potions
 c - 2 potions of magic
 f - a potion of heal wounds {unknown}
 h - 8 potions of curing
 m - 2 potions of stabbing
 o - 2 potions of degeneration
 r - a potion of invisibility {unknown}
 v - a potion of mutation
 z - a potion of lignification
Comestibles
 d - 10 rations


   Skills:
 + Level 11.0 Fighting
 + Level 5.7 Maces & Flails
 + Level 14.2 Polearms
 + Level 9.2 Armour
 + Level 7.2 Dodging
 + Level 4.8 Stealth


You had 10 spell levels left.
You didn't know any spells.
Your spell library was empty.

Dungeon Overview and Level Annotations

Branches:
Dungeon (10/15)            Temple (0/1) D:7            Lair (2/6) D:9
    Orc (0/2) D:9
  Swamp: Lair:2-4    Shoals: Lair:2-4     Snake: Lair:2-4    Spider: Lair:2-4

Altars:
Kikubaaqudgha
Nemelex Xobeh
Okawaru
Ru
Sif Muna
Trog
Uskayaw
Vehumet
The Shining One

Shops:
D:4 (

Annotations:
Lair:1 exclusion: 4 oklob plants


Innate Abilities, Weirdness & Mutations

You reflexively headbutt those who attack you in melee.
You have a pair of horns on your head.
You have sharp toenails.
You are partially covered in rugged brown scales. (AC +1, +3% HP)
Your mind is acute. (Int +2)
Your muscles are strong. (Str +2)


Message History

The nine-headed hydra misses you. The nine-headed hydra bites you.
* * * LOW HITPOINT WARNING * * *
The nine-headed hydra bites you but does no damage.
The nine-headed hydra barely misses you.
You block the bullfrog's attack.
Your deep troll bites the wolf!!!
The wolf dies!
Trog accepts your kill.
The blink frog hits you but does no damage.
The bullfrog hits you.
* * * LOW HITPOINT WARNING * * *
Your deep troll rages.
Your troll misses the bullfrog.
Your troll claws the bullfrog.
Your troll barely misses the bullfrog.
Your deep troll completely misses the blink frog.
Your deep troll closely misses the blink frog.
Your deep troll claws the blink frog.
You block the bullfrog's attack.
The nine-headed hydra barely misses you.
The nine-headed hydra bites you but does no damage.
The nine-headed hydra bites you!
You die...

....... #.............
..........##.............
..........#..............
.....ยง...................
........F.#.....)........
#.......................
..#.....................#
.......F..._......<......
#..$.TD@..............##
....Y..FT..$.........#.P#
..#.F#................###
.... +............###.#
... ..............# .# .#
..#...........## #
#h..#..........## ..#
..........## .#
..........##


You could see a nine-headed hydra, a yak, 3 blink frogs, a bullfrog, a friendly
deep troll (summoned, berserk) and a friendly troll (summoned, berserk).

Vanquished Creatures
  Gastronok (D:8)
  Harold (D:8)
  A two-headed ogre (D:9)
  A spiny frog (Lair:1)
  2 komodo dragons (Lair:1)
  The ghost of strelocc the Shield-Bearer, an amateur FoFi (D:4)
  The ghost of Ijustatesigmund the Chopper, an amateur OpFi (D:4)
  Prince Ribbit (D:8)
  3 hippogriffs
  A spriggan (D:7)
  A wyvern (Lair:1)
  13 yaks
  2 basilisks (Lair:1)
  A steam dragon (D:7)
  4 hungry ghosts
  Menkaure (D:4)
  A two-headed ogre zombie (D:9)
  2 water moccasins
  4 porcupines
  2 black bears (D:7)
  A sky beast (D:8)
  4 orc warriors
  2 eyes of draining (D:9)
  5 ogres
  A necrophage (D:7)
  A wolf (Lair:2)
  The ghost of grovkorv the Grasshopper, an amateur HuWr (D:4)
  A centaur (D:5)
  4 crocodiles
  A big kobold (D:8)
  A gnoll sergeant (D:8)
  8 bullfrogs
  A water moccasin zombie (D:8)
  2 troll zombies (D:9)
  5 scorpions
  4 crimson imps
  A centaur zombie (D:5)
  2 bullfrog zombies
  3 hounds
  A jelly (D:6)
  2 centaur skeletons
  12 orc priests
  Crazy Yiuf (D:5)
  A bullfrog skeleton (D:8)
  8 orc wizards
  7 worker ants
  5 iguanas
  5 ogre zombies (D:9)
  A hound zombie (D:5)
  A hound skeleton (D:4)
  A howler monkey skeleton (D:7)
  15 gnolls
  5 adders
  A shadow imp (D:5)
  An adder skeleton (D:8)
  3 worms
  A dart slug (D:3)
  3 leopard geckos
  40 orcs
  9 bats
  2 giant cockroaches
  13 goblins
  11 hobgoblins
  13 kobolds
  A quokka (D:4)
  A ball python (D:2)
  2 frilled lizards
  A goblin skeleton (D:9)
  A goblin zombie (D:9)
  3 hobgoblin skeletons (D:9)
  6 hobgoblin zombies (D:9)
  A leopard gecko zombie (D:6)
  3 orc skeletons (D:9)
  11 orc zombies (D:9)
  2 quokka skeletons (D:4)
  3 rats
289 creatures vanquished.

Vanquished Creatures (collateral kills)
  A blink frog (Lair:2)
  2 wolves (Lair:2)
3 creatures vanquished.

Vanquished Creatures (others)
  2 plants (Lair:1)
2 creatures vanquished.

Grand Total: 294 creatures vanquished

Notes
Turn   | Place    | Note
-------+----------+-------------------------------------------
     0 | D:1      | HawFromDerth the Minotaur Berserker began the quest for the
                  | Orb.
     0 | D:1      | Reached XP level 1. HP: 19/19 MP: 0/0
  1148 | D:2      | Reached XP level 2. HP: 27/27 MP: 1/1
  1342 | D:2      | Found a glowing golden altar of the Shining One.
  1507 | D:2      | Reached XP level 3. HP: 32/34 MP: 2/2
  1510 | D:2      | Reached skill level 4 in Polearms
  1632 | D:2      | Reached ** piety under Trog
  2248 | D:3      | Reached XP level 4. HP: 22/41 MP: 3/3
  2424 | D:3      | Found a faded altar of an unknown god.
  2930 | D:4      | Reached XP level 5. HP: 18/47 MP: 4/4
  2939 | D:4      | Reached skill level 5 in Polearms
  2939 | D:4      | Reached skill level 1 in Stealth
  3312 | D:4      | Found Bima's Antique Weapon Shop.
  3405 | D:4      | Reached skill level 5 in Fighting
  3525 | D:4      | Found a runed translucent gate.
  3526 | D:4      | Found a runed translucent gate.
  3536 | D:4      | Found a runed translucent gate.
  3814 | D:4      | Noticed Menkaure
  3824 | D:4      | Killed Menkaure
  3824 | D:4      | Reached XP level 6. HP: 9/56 MP: 5/5
  4083 | D:4      | Found an ancient bone altar of Kikubaaqudgha.
  4279 | D:4      | Noticed grovkorv's ghost (amateur HuWr)
  4279 | D:4      | Noticed Ijustatesigmund's ghost (amateur OpFi)
  4279 | D:4      | Noticed strelocc's ghost (amateur FoFi)
  4408 | D:4      | Killed Ijustatesigmund's ghost
  4408 | D:4      | Reached skill level 6 in Polearms
  4408 | D:4      | Reached XP level 7. HP: 44/62 MP: 6/6
  4415 | D:4      | Killed strelocc's ghost
  4415 | D:4      | Reached skill level 5 in Armour
  4688 | D:4      | Killed grovkorv's ghost
  4688 | D:4      | Reached skill level 7 in Polearms
  4753 | D:5      | Entered Level 5 of the Dungeon
  4907 | D:5      | Reached XP level 8. HP: 65/71 MP: 7/7
  5108 | D:5      | Found a runed translucent door.
  5109 | D:5      | Noticed Crazy Yiuf
  5241 | D:5      | Found a radiant altar of Vehumet.
  5353 | D:5      | Reached skill level 8 in Polearms
  5750 | D:5      | Killed Crazy Yiuf
  5855 | D:6      | Reached skill level 9 in Polearms
  6190 | D:6      | Reached *** piety under Trog
  6389 | D:6      | Reached XP level 9. HP: 79/79 MP: 8/8
  6644 | D:6      | Reached skill level 1 in Maces & Flails
  6644 | D:6      | Reached skill level 5 in Dodging
  7372 | D:6      | Found a shimmering blue altar of Sif Muna.
  7545 | D:7      | Found a sacrificial altar of Ru.
  7545 | D:7      | Found a hide-covered altar of Uskayaw.
  7545 | D:7      | Found a sparkling altar of Nemelex Xobeh.
  7690 | D:7      | Gained mutation: Armour fits poorly on your strangely
                  | shaped body. [potion of mutation]
  7690 | D:7      | Gained mutation: Your magical capacity is low. (-10% MP)
                  | [potion of mutation]
  7690 | D:7      | Gained mutation: You are partially covered in rugged brown
                  | scales. (AC +1, +3% HP) [potion of mutation]
  7692 | D:7      | Lost mutation: Your magical capacity is low. (-10% MP)
                  | [potion of mutation]
  7692 | D:7      | Lost mutation: Armour fits poorly on your strangely shaped
                  | body. [potion of mutation]
  7692 | D:7      | Gained mutation: Your muscles are strong. (Str +2) [potion
                  | of mutation]
  7692 | D:7      | Gained mutation: Your mind is acute. (Int +2) [potion of
                  | mutation]
  7692 | D:7      | Gained mutation: You have sharp toenails. [potion of
                  | mutation]
  7749 | D:7      | Found an iron altar of Okawaru.
  8023 | D:7      | Found a staircase to the Ecumenical Temple.
  8079 | D:7      | Reached skill level 10 in Polearms
  8500 | D:8      | Reached skill level 5 in Maces & Flails
  8537 | D:8      | Noticed Harold
  8556 | D:8      | Killed Harold
  8556 | D:8      | Reached **** piety under Trog
  8556 | D:8      | Reached XP level 10. HP: 70/92 MP: 9/9
  8654 | D:8      | Found a flagged portal.
  8675 | D:8      | Noticed Prince Ribbit
  8686 | D:8      | Killed Prince Ribbit
  8881 | D:8      | Got a masterwork trident
  8883 | D:8      | Identified the +1 trident of Governance {pain, rC+ Str+4
                  | Dex-2} (You found it on level 8 of the Dungeon)
  9217 | D:8      | Reached skill level 11 in Polearms
  9224 | D:8      | Noticed Gastronok
  9244 | D:8      | Killed Gastronok
  9244 | D:8      | Reached skill level 12 in Polearms
  9822 | D:8      | Reached ***** piety under Trog
 10152 | D:9      | Found a staircase to the Orcish Mines.
 10403 | D:9      | Reached XP level 11. HP: 101/101 MP: 10/10
 10752 | D:9      | Noticed a two-headed ogre
 10759 | D:9      | Reached skill level 10 in Fighting
 10775 | D:9      | Killed a two-headed ogre
 10775 | D:9      | Received a gift from Trog
 10775 | D:9      | Reached skill level 13 in Polearms
 11204 | D:9      | Found a bloodstained altar of Trog.
 11328 | D:9      | Found a staircase to the Lair.
 11540 | D:10     | Entered Level 10 of the Dungeon
 11577 | Lair:1   | Entered Level 1 of the Lair of Beasts
 11581 | Lair:1   | Noticed an oklob plant
 12302 | Lair:1   | Reached skill level 14 in Polearms
 12512 | Lair:1   | Noticed an oklob plant
 12512 | Lair:1   | Noticed an oklob plant
 12512 | Lair:1   | Noticed an oklob plant
 13218 | Lair:2   | Found a hide-covered altar of Uskayaw.
 13235 | Lair:2   | Noticed an eight-headed hydra
 13247 | Lair:2   | HP: 5/105 [bullfrog (3)]
 13247 | Lair:2   | Slain by a nine-headed hydra

Illustrated notes

Levels and vault maps discovered:
D:1:      dpeg_arrival_another_circle, layout_basic
D:2:      layout_basic, nicolae_tso_swordbearing_angel
D:3:      layout_basic, first_ration, chequers_ecumenical_altar_island
D:4:      layout_rooms, kiku_gazebo_garden_becter, serial_shops, shop,
          gammafunk_ghost_cemetery, bh_walls_and_bars, uniq_menkaure
D:5:      layout_rooms, lemuel_doored_altar, uniq_crazy_yiuf_cottage
D:6:      layout_basic, led_sif_book
D:7:      layout_cave_pools, chequers_temple_overflow_statue_of_worship,
          minmay_temple_entry_stoned_glass, minmay_misc_feat_x, the_bakery,
          okawaru_metal_pillars_1_2
D:8:      corexii_shantytown, layout_loops_ring, enter_bailey_2,
          grunt_decor_one_mirror, minmay_increasing_density, uniq_harold,
          uniq_prince_ribbit1, uniq_gastronok
D:9:      layout_loops_ring, grunt_lair_entry_orc_guard_hut, zombieorc2_lemuel,
          trog_eyes_of_draining
D:10:     layout_loops_cross, serial_ice, serial_ice_e, serial_ice_i,
          serial_ice_g, serial_ice_c
Lair:1:   layout_loops_ring, minmay_lair_oklob_chamber
Lair:2:   layout_cave_pods, basic_altar, serial_bayou_lagoon_a,
          grunt_megastairs_2, lemuel_fruit_tree, serial_bayou_shore_b,
          infiniplex_staircase_pool_2

Skill      XL: |  1  2  3  4  5  6  7  8  9 10 11 |
---------------+----------------------------------+-----
Fighting       | 4 5 6 7 8 9 11 | 11.0
Polearms       | 4 5 6 7 9 10 12 14 | 14.2
Dodging        | 3 4 6 7 |  7.2
Armour         | 3 4 5 6 7 8 9 |  9.2
Stealth        | 1 2 3 4 |  4.8
Maces & Flails | 5 |  5.7

Action                   |  1- 3 |  4- 6 |  7- 9 | 10-12 || total
-------------------------+-------+-------+-------+-------++-------
Melee: Spear             |   104 |    89 |       |       ||   193
       Headbutt          |    10 |    16 |    61 |    61 ||   148
       Trident           |       |     8 |   260 |   275 ||   543
       Flail             |       |       |    47 |       ||    47
       Kick              |       |       |    23 |   104 ||   127
       Glaive            |       |       |       |   122 ||   122
Invok: Trog's Hand       |     1 |     3 |       |       ||     4
       Berserk           |       |     3 |     2 |     1 ||     6
       Brothers in Arms  |       |       |       |     2 ||     2
  Use: Potion            |       |       |    12 |     2 ||    14
       Scroll            |       |       |    12 |     1 ||    13
 Stab: Sleeping          |       |       |       |    11 ||    11
  Eat: Ration            |     2 |     3 |     4 |     6 ||    15
       Chunk             |       |       |     5 |     4 ||     9
Armor: Animal skin       |     4 |       |       |       ||     4
       Leather armour    |    13 |     9 |       |       ||    22
       Ring mail         |       |     1 |    78 |    91 ||   170
Dodge: Dodged            |    49 |    33 |   134 |   143 ||   359
Block: Other             |       |       |       |    31 ||    31
